 Dungeon Crawl Stone Soup version 0.23.2-11-gf996548c65 (webtiles) character file.

Game seed: 6942083832924024197

417 Gingernuke the Cudgeler (level 6, -5/56 HPs)
             Began as a Minotaur Fighter on June 5, 2019.
             Slain by a big kobold (7 damage)
             ... led by Pikel
             ... on level 2 of the Dungeon.
             The game lasted 00:16:37 (3420 turns).

Gingernuke the Cudgeler (Minotaur Fighter)          Turns: 3420, Time: 00:16:38

Health: -5/56      AC:  0    Str: 22    XL:     6   Next: 61%
Magic:  5/5        EV: 13    Int:  5    God:
Gold:   167        SH:  0    Dex: 10    Spells: 5/5 levels left

rFire    . . .     SeeInvis .   (weapon currently unavailable)
rCold    . . .     Gourm    .   (shield currently unavailable)
rNeg     . . .     Faith    .   (armour currently unavailable)
rPois    .         Spirit   .   (helmet currently unavailable)
rElec    .         Reflect  .   (cloak currently unavailable)
rCorr    .         Harm     .   (gloves currently unavailable)
MR       .....                  (boots currently unavailable)
Stlth    +.........             (no amulet)
HPRegen  0.18/turn              (ring currently unavailable)
MPRegen  0.09/turn              (ring currently unavailable)

@: pig-form (expiring), berserk cooldown, slowed
A: small, (retaliatory headbutt)
a: no special abilities


You were on level 2 of the Dungeon.
You were not hungry.
You were a filthy swine.
You visited 1 branch of the dungeon, and saw 4 of its levels.

You collected 167 gold pieces.

Inventory:

Hand Weapons
 a - a +0 flail (melded)
Armour
 c - a +0 shield (melded)
 r - a +0 chain mail (melded)
Wands
 d - a wand of polymorph (5)
Scrolls
 e - 3 scrolls of remove curse
 g - 3 scrolls of teleportation {unknown}
 h - 2 scrolls of identify
 i - a scroll of fog
 j - a scroll of amnesia
 o - a scroll of noise {unknown}
 q - a scroll of enchant armour {unknown}
Potions
 b - a potion of resistance {unknown}
 k - a potion of invisibility
 m - 2 potions of degeneration {unknown}
 n - a potion of flight {unknown}
 p - a potion of curing {unknown}
 s - a potion of mutation {unknown}
Comestibles
 f - 7 rations


   Skills:
 + Level 5.1 Fighting
 * Level 5.7 Maces & Flails
 + Level 5.1 Armour
 + Level 5.1 Shields


You had 5 spell levels left.
You didn't know any spells.
Your spell library was empty.

Dungeon Overview and Level Annotations

Branches:
Dungeon (4/15)
 Temple: D:4-7

Altars:
Dithmenos
Hepliaklqana
Qazlal
Wu Jian
Zin

Shops:
D:2 *

Annotations:
D:3 1 runed translucent door, Crazy Yiuf
D:4 Pikel


Innate Abilities, Weirdness & Mutations

((You reflexively headbutt those who attack you in melee.))
((You have a pair of horns on your head.))


Message History

a wand of polymorph (7); the felid corpse of Natasha
d - a wand of polymorph (7)
You feel a strong urge to attack something.
You are no longer berserk.
You are exhausted.
You feel yourself slow down.
Evoke which item? (* to show all) (? for menu, Esc to quit)
Aiming: Polymorph
Press: ? - help, Shift-Dir - straight line, f - slave
Aim: a slave, wearing a +0 animal skin (heavily wounded, chance to defeat MR: 46%)
The slave resists with some effort.
The slave hits you.
* * * LOW HITPOINT WARNING * * *
Evoke which item? (* to show all) (? for menu, Esc to quit)
Aiming: Polymorph
Press: ? - help, Shift-Dir - straight line, f/p - slave
Aim: a slave, wearing a +0 animal skin (heavily wounded, chance to defeat MR: 46%)
The slave evaporates and reforms as a big kobold!
The big kobold barely misses you.
You completely miss the big kobold. The big kobold hits you!
You die...

P.P###.# #######.###.......≈≈≈≈.
######.####......................
...........<#######.#.###.......#
######.###### #.#...........#
#.######### #.#...........#
#.........# #.#.###.#...###
#########.# #.#.# #.......≈
########.####.#.# #..≈≈.≈.≈
#######.....§.§§hK....# #..≈≈≈≈≈≈
........###.§§§.####.####≈≈≈≈≈≈≈≈
######### #§§§§§# #.......≈≈≈≈≈≈
#§§§§.# #..#..≈≈≈≈≈..≈
#§.§§.####..#.#.≈≈≈≈._♣
###...##........≈≈≈≈≈.≈
##§###.#(.#.#..≈≈≈≈≈≈
##############.# #........≈≈≈≈≈≈≈
...............# #....###..≈≈≈≈≈≈


You could see a big kobold.

Vanquished Creatures
  Sigmund (D:2)
  Natasha (thrice) (D:2)
  An iguana (D:2)
  A hound zombie (D:2)
  5 adders
  3 oozes
  2 adder skeletons (D:2)
  A worm (D:2)
  A dart slug (D:3)
  4 leopard geckos
  11 bats
  2 bat skeletons (D:2)
  4 giant cockroaches
  6 goblins
  8 hobgoblins
  4 jackals
  3 quokkas
  A ball python skeleton (D:2)
  4 frilled lizards
  2 jackal zombies (D:2)
  10 kobolds
  A leopard gecko skeleton (D:2)
  A leopard gecko zombie (D:2)
  11 rats
90 creatures vanquished.

Notes
Turn   | Place    | Note
-------+----------+-------------------------------------------
     0 | D:1      | Gingernuke the Minotaur Fighter began the quest for the
                  | Orb.
     0 | D:1      | Reached XP level 1. HP: 19/19 MP: 0/0
   165 | D:1      | Reached XP level 2. HP: 27/27 MP: 1/1
   586 | D:1      | Reached XP level 3. HP: 33/33 MP: 2/2
  1071 | D:2      | Reached XP level 4. HP: 40/40 MP: 3/3
  1107 | D:2      | Found Zin's Purification Station.
  1109 | D:2      | Found a glowing silver altar of Zin.
  1132 | D:2      | Noticed Sigmund
  1165 | D:2      | HP: 1/40 [something (2)]
  1166 | D:2      | Killed Sigmund
  1166 | D:2      | Reached XP level 5. HP: 1/47 MP: 4/4
  1662 | D:2      | Reached skill level 5 in Maces & Flails
  1697 | D:2      | Found a faded altar of an unknown god.
  1814 | D:2      | Noticed Natasha
  1823 | D:2      | Killed Natasha
  1823 | D:2      | Reached XP level 6. HP: 54/55 MP: 5/5
  2040 | D:2      | Noticed Natasha
  2047 | D:2      | Killed Natasha
  2207 | D:3      | Reached skill level 5 in Fighting
  2260 | D:3      | Reached skill level 5 in Shields
  2330 | D:3      | Reached skill level 5 in Armour
  2589 | D:3      | Found a runed translucent door.
  2590 | D:3      | Noticed Crazy Yiuf
  2906 | D:3      | Found a stormy altar of Qazlal.
  2906 | D:3      | Found a faded altar of an unknown god.
  2912 | D:3      | Found a faded altar of an unknown god.
  2914 | D:3      | Found an ornate altar of the Wu Jian Council.
  2916 | D:3      | Found a shadowy altar of Dithmenos.
  3085 | D:3      | Found a hazy altar of Hepliaklqana.
  3343 | D:4      | Noticed Pikel
  3343 | D:4      | Noticed a slave
  3343 | D:4      | Noticed a slave
  3345 | D:4      | Noticed a slave
  3346 | D:4      | Noticed a slave
  3392 | D:2      | Noticed Natasha
  3408 | D:2      | Killed Natasha
  3415 | D:2      | HP: 3/84 [slave[Pikel] (10)]
  3418 | D:2      | HP: 1/56 [slave[Pikel] (1)]
  3419 | D:2      | a slave changed into a big kobold
  3420 | D:2      | Slain by a big kobold

Skill      XL: |  1  2  3  4  5  6 |
---------------+-------------------+-----
Maces & Flails | 3 4 5 |  5.7
Shields        | 4 5 |  5.1
Fighting       | 4 5 |  5.1
Armour         | 4 5 |  5.1

Action                   |  1- 3 |  4- 6 || total
-------------------------+-------+-------++-------
Melee: Flail             |   100 |   129 ||   229
       Headbutt          |    17 |    23 ||    40
       Unarmed           |       |    18 ||    18
Throw: Stone             |       |     2 ||     2
Evoke: Wand              |       |     2 ||     2
  Use: Scroll            |     4 |     1 ||     5
       Potion            |       |     2 ||     2
  Eat: Chunk             |     1 |     7 ||     8
Armor: Scale mail        |    41 |    22 ||    63
       Chain mail        |       |    19 ||    19
Dodge: Dodged            |    23 |    38 ||    61
Block: Shield            |    53 |    48 ||   101
